 Dungeon Crawl Stone Soup version 0.26.0-3-g156281e41b (webtiles) character file.

Game seed: 14909404524294908554

219 EnegeticOcto the Chopper (level 5, 28/49 HPs)
             Began as a Deep Dwarf Fighter on Jan 9, 2021.
             Quit the game on level 4 of the Dungeon.
             The game lasted 00:01:18 (1628 turns).

EnegeticOcto the Chopper (Deep Dwarf Fighter)       Turns: 1628, Time: 00:01:19

Health: 28/49      AC: 11    Str: 20    XL:     5   Next: 63%
Magic:  4/4        EV:  1    Int:  9    God:
Gold:   135        SH:  9    Dex: 12    Spells: 4/4 levels left

rFire    . . .     SeeInvis .   a - +0 war axe
rCold    . . .     Faith    .   c - +0 kite shield
rNeg     . . .     Spirit   .   m - +0 chain mail
rPois    .         Reflect  .   f - +0 helmet
rElec    .         Harm     .   y - +0 cloak
rCorr    .         Rampage  .   (no gloves)
Will     .....                  (no boots)
Stlth    ..........             (no amulet)
HPRegen  0.00/turn              o - -4 ring of evasion
MPRegen  0.09/turn              (no ring)

@: non-regenerating
A: damage resistance, heal wounds, sense surroundings 1, no regeneration
a: Heal Wounds


You were on level 4 of the Dungeon.
You visited 1 branch of the dungeon, and saw 4 of its levels.

You collected 135 gold pieces.

Inventory:

Hand Weapons
 a - a +0 war axe (weapon)
Missiles
 u - a throwing net
Armour
 b - a +0 scale mail
 c - a +0 kite shield (worn)
 f - a +0 helmet (worn)
 m - a +0 chain mail (worn)
 y - a +0 cloak (worn)
Jewellery
 o - a -4 ring of evasion (left hand)
Wands
 t - a wand of polymorph (4)
Potions
 d - 2 potions of might {@q3}
 e - 2 potions of lignification
 h - 2 potions of haste {unknown}
 k - 2 potions of brilliance {unknown}
 n - a potion of magic {unknown}
 p - a potion of ambrosia {unknown}
 q - 3 potions of heal wounds {unknown}
 s - 2 potions of attraction {unknown}
 w - a potion of degeneration {unknown}
 z - a potion of berserk rage {unknown}


   Skills:
 + Level 3.5 Fighting
 * Level 4.4 Axes
 + Level 4.3 Armour
 + Level 4.2 Shields


You had 4 spell levels left.
You didn't know any spells.
Your spell library was empty.

Dungeon Overview and Level Annotations

Branches:
Dungeon (4/15)             Temple (0/1) D:4

Altars:
Kikubaaqudgha
Qazlal
Trog


Innate Abilities, Weirdness & Mutations

You are resistant to damage.
You can heal yourself by infusing magical energy.
You passively map a small area around you.
You do not regenerate.


Message History

A hobgoblin is nearby!
A hobgoblin is nearby!
A hobgoblin is nearby!
You barely miss the hobgoblin.
The hobgoblin hits you but does no damage.
You completely miss the hobgoblin. You block the hobgoblin's attack.
Your chain mail prevents you from hitting the hobgoblin.
The hobgoblin hits you but does no damage.
You hit the hobgoblin.
You kill the hobgoblin!
No target in view!
No target in view!
No target in view!
No target in view!
No target in view!
No target in view!
z - a ruby potion You now have 135 gold pieces (gained 10).
You see here a +0 club.
Found a hunting sling.
You see here 14 poisoned darts.
There is an ancient bone altar of Kikubaaqudgha here.
There is a stone staircase leading up here.
Crazy Yiuf shouts!
No reachable target in view!
No reachable target in view!
No reachable target in view!
No reachable target in view!
No reachable target in view!
No reachable target in view!
No reachable target in view!
No reachable target in view!
No reachable target in view!
No reachable target in view!
No reachable target in view!
No reachable target in view!
No reachable target in view!
No reachable target in view!
Could not explore, unopened runed door.
Could not explore, unopened runed door.
You open the door. You block Crazy Yiuf's attack.
There is an open translucent door here.
You hit Crazy Yiuf.
Crazy Yiuf is lightly wounded.
Crazy Yiuf hits you with a +2 quarterstaff of chaos.
Crazy Yiuf burns you.
You slash Crazy Yiuf!
Crazy Yiuf is severely wounded.
You block Crazy Yiuf's attack.
You hit Crazy Yiuf but do no damage.
Crazy Yiuf is severely wounded.
Crazy Yiuf hits you with a +2 quarterstaff of chaos.
You are slowing down.
Crazy Yiuf hits you with a +2 quarterstaff of chaos.
Crazy Yiuf draws strength from your wounds!
You slash Crazy Yiuf!
You kill Crazy Yiuf!
You have turned to stone.
You turn to flesh and can move again.
Things that are here:
a +2 quarterstaff of chaos; a +0 cloak
Things that are here:
a +2 quarterstaff of chaos; a +0 cloak You start putting on your armour.
You continue putting on your +0 cloak. x4
You finish putting on your +0 cloak.
Okay, then.
(D) Dungeon
Where to? (Enter - D:3, ? - help)
There is an open translucent door, spattered with blood here.
There is a stone staircase leading down here.
You climb downwards.
You hear the sound of rushing water.
There is an entrance to a sewer on this level.
Hurry and find it before the portal rusts away!
Found a twisted buckler and a club.
There is a stone staircase leading up here.
As you read the scroll labelled ZEGUACEMUWK, it crumbles to dust.
The scroll dissolves into smoke.
It was a scroll of fog.
Blink to where?
Press: ? - help, Dir - move target, f - you Are you sure you want to cancel this blink?
Okay, then.
As you read the scroll labelled LAC SU GEVIAT, it crumbles to dust.
It was a scroll of blinking.
As you read the scroll labelled ISAMIET XOEPS, it crumbles to dust.
The air around you briefly surges with heat, but it dissipates.
It was a scroll of immolation.
As you read the scroll labelled NAHUGHOIGIH, it crumbles to dust.
You feel aware of your surroundings.
You sensed 4 altars, and 1 shop/portal.
It was a scroll of magic mapping.
As you read the scroll labelled XATORO UZEUPH, it crumbles to dust.
You feel as if something is helping you.
It was a scroll of remove curse.
As you read the scroll labelled DAOCZO ESCHON, it crumbles to dust.
It is a scroll of identify.
e - 2 potions of lignification
As you read the scroll labelled ESHRIATWUIGG, it crumbles to dust.
It is a scroll of amnesia.
You feel forgetful for a moment.
Are you sure you want to abandon this character and quit the game? (Confirm with "yes".)

,,**,***,,,,,,,,,,*****,,*
***,,, ,,**,* *,..)......*
**** **** ***,,*
*,.........* ,,,,**
*,.........* ,****
**.....[..## **
*,.........# *,......§§§#
*,.....§§§§# *,.....§§@§#
*,.....§§§§# **.....§§§##
*#......## #######*


There were no monsters in sight!

Vanquished Creatures
  Crazy Yiuf (D:3)
  Natasha (thrice) (D:3)
  4 adders
  A shadow imp (D:3)
  2 oozes
  A worm (D:3)
  2 dart slugs (D:2)
  2 leopard geckos
  3 orcs (D:3)
  3 giant cockroaches
  9 goblins
  4 hobgoblins
  2 jackals (D:2)
  3 quokkas
  A bat (D:2)
  5 frilled lizards
  7 kobolds
  6 rats
59 creatures vanquished.

Vanquished Creatures (others)
  A worm (D:3)
1 creature vanquished.

Grand Total: 60 creatures vanquished

Notes
Turn   | Place    | Note
-------+----------+-------------------------------------------
     0 | D:1      | EnegeticOcto the Deep Dwarf Fighter began the quest for the
                  | Orb.
     0 | D:1      | Reached XP level 1. HP: 20/20 MP: 1/1
   260 | D:2      | Reached XP level 2. HP: 24/27 MP: 2/2
   482 | D:2      | Reached XP level 3. HP: 27/33 MP: 3/3
   830 | D:3      | Noticed Natasha
   859 | D:3      | Killed Natasha
   860 | D:3      | Reached XP level 4. HP: 42/42 MP: 3/3
   929 | D:3      | Noticed Natasha
   932 | D:3      | Found a faded altar of an unknown god.
   937 | D:3      | Killed Natasha
  1031 | D:3      | Noticed Natasha
  1040 | D:3      | Killed Natasha
  1041 | D:3      | Reached XP level 5. HP: 22/49 MP: 4/4
  1048 | D:3      | Found a bloodstained altar of Trog.
  1065 | D:3      | Found an ancient bone altar of Kikubaaqudgha.
  1183 | D:3      | Found a stormy altar of Qazlal.
  1246 | D:3      | Found a runed translucent door.
  1247 | D:3      | Noticed Crazy Yiuf
  1575 | D:3      | Killed Crazy Yiuf
  1628 | D:4      | Quit the game

Illustrated notes

Levels and vault maps discovered:
D:1:      lightli_arrival_noodles, layout_basic
D:2:      minmay_chambers_of_twos, layout_loops_ring
D:3:      layout_loops_cross, grunt_qazlal_clouds,
          nicolae_overflow_crystal_walls, bloody_trog,
          chequers_ecumenical_altar_island, uniq_natasha,
          uniq_crazy_yiuf_cottage
D:4:      layout_rooms, minitemple, minmay_temple_entry_mini_moons,
          cheibrodos_sewer_entry_bend, uniq_blork_the_orc, uniq_edmund

Skill      XL: |  1  2  3  4 |
---------------+-------------+-----
Axes           | 3 4 |  4.4
Fighting       | 3 |  3.5
Armour         | 4 |  4.3
Shields        | 4 |  4.2

Action                   |  1- 3 |  4- 6 || total
-------------------------+-------+-------++-------
Melee: War axe           |   105 |    92 ||   197
       Unarmed           |    19 |       ||    19
 Abil: Heal Wounds       |     2 |     1 ||     3
  Use: Scroll            |       |     7 ||     7
Armor: Scale mail        |    12 |       ||    12
       Chain mail        |    42 |    48 ||    90
Dodge: Dodged            |    25 |     6 ||    31
Block: Kite shield       |    49 |    48 ||    97
